 Dungeon Crawl Stone Soup version 0.21-a0-404-g291f19a (webtiles) character file.

102 sagitran the Slasher (level 4, 0/34 HPs)
             Began as a Demonspawn Gladiator on Oct 29, 2017.
             Killed from afar by Sigmund (3 damage)
             ... with a magic dart
             ... on level 3 of the Dungeon.
             The game lasted 00:09:58 (2116 turns).

sagitran the Slasher (Demonspawn Gladiator)         Turns: 2116, Time: 00:09:59

Health: 0/34       AC:  5    Str: 15    XL:     4   Next: 50%
Magic:  4/4        EV: 13    Int:  9    God:
Gold:   79         SH:  0    Dex: 15    Spells: 3/3 levels left

rFire    + + .     SeeInvis .   a - +1 long sword
rCold    . . .     Gourm    .   (no shield)
rNeg     . . .     Faith    .   i - +0 leather armour {rF+}
rPois    +         Spirit   .   c - +0 helmet
rElec    .         Reflect  .   q - +0 cloak
rCorr    .         Harm     .   (no gloves)
MR       .....                  (no boots)
Stlth    +.........             (no amulet)
HPRegen  0.11/turn              (no ring)
MPRegen  0.09/turn              t - ring of poison resistance

@: about to teleport
A: claws 1, fire resistance 1
a: no special abilities


You were on level 3 of the Dungeon.
You were not hungry.

You visited 1 branch of the dungeon, and saw 4 of its levels.

You collected 79 gold pieces.

Inventory:

Hand Weapons
 a - a +1 long sword (weapon)
Armour
 b - a +0 leather armour
 c - a +0 helmet (worn)
 i - a +0 leather armour of fire resistance (worn)
 j - a +1 chain mail of poison resistance
 q - a +0 cloak (worn)
Jewellery
 l - an uncursed ring of wizardry
 t - a ring of poison resistance (right claw)
 w - an uncursed amulet of faith
Scrolls
 n - a scroll of immolation
 s - a scroll of teleportation
 x - a scroll of amnesia {unknown}
Potions
 p - 2 potions of flight
Comestibles
 f - 2 bread rations
 g - 2 chunks of flesh
 k - 2 royal jellies
 m - 3 fruits


   Skills:
 + Level 2.5 Fighting
 + Level 3.7 Long Blades
 + Level 2.0 Throwing
 + Level 1.3 Armour
 + Level 2.8 Dodging
 + Level 0.3 Stealth
 * Level 1.0 Unarmed Combat


You had 3 spell levels left.
You didn't know any spells.

Dungeon Overview and Level Annotations

Branches:
Dungeon (4/15)
 Temple: D:4-7

Altars:
Ashenzari

Annotations:
D:3 Sigmund


Innate Abilities, Weirdness & Mutations

You have sharp fingernails.
Your flesh is heat resistant. (rF+)


Message History

You are confused.
Something wriggles in the net.
You closely miss something. You slash something!
Something wriggles in the net.
All of a sudden the net rips apart!
Something hits you.
Throwing (i - inventory):
d - a throwing net (quivered)
Press: ? - help, Shift-Dir - straight line You throw a throwing net.
It was a potion of curing.
You feel better. Something hits you!
You barely miss something. Something barely misses you.
You miss something. You miss something. Something hits you but does no damage.
You hit something. Something hits you!
* * * LOW HITPOINT WARNING * * *
x2
As you read the scroll labeled SUABRY YFEUW, it crumbles to dust.
You feel strangely unstable.
It was a scroll of teleportation.
You hear some strange, mumbled words.
A magic dart appears from out of thin air!
The magic dart hits you!
You die...

..... # .#.... .#
......####.#
........$.
###.[..... ........
# ####..#'##.#
.(......@{.#
#####...#### #...#
#...# ### #...# ..#
#.#.# ..# #####...#
..# #####.......#
..#
#...#.####..#######


There were no monsters in sight!

Vanquished Creatures
  4 adders
  A worm (D:2)
  2 dart slugs (D:1)
  7 giant cockroaches
  6 goblins
  8 hobgoblins
  4 jackals (D:1)
  4 kobolds
  4 quokkas
  A ball python (D:2)
  8 bats
  4 frilled lizards
  A rat (D:1)
54 creatures vanquished.

Notes
Turn   | Place    | Note
-------+----------+-------------------------------------------
     0 | D:1      | sagitran the Demonspawn Gladiator began the quest for the Orb.
     0 | D:1      | Reached XP level 1. HP: 16/16 MP: 1/1
   101 | D:1      | Reached skill level 3 in Long Blades
   101 | D:1      | Gained mutation: Your flesh is heat resistant. (rF+) [demonic ancestry]
   101 | D:1      | Reached XP level 2. HP: 15/22 MP: 2/2
   819 | D:1      | Found a shattered altar of Ashenzari.
   898 | D:1      | Gained mutation: You have sharp fingernails. [demonic ancestry]
   898 | D:1      | Reached XP level 3. HP: 25/28 MP: 3/3
  1380 | D:2      | Reached skill level 1 in Armour
  1581 | D:2      | You fall through a shaft for 2 floors!
  1601 | D:4      | Reached XP level 4. HP: 33/34 MP: 4/4
  1954 | D:3      | Reached skill level 1 in Unarmed Combat
  2094 | D:3      | Noticed Sigmund
  2116 | D:3      | Killed from afar by Sigmund

Vault maps used:
D:1:      dpeg_arrival_arbitrary_b, kennysheep_nondescript, st_stairs_14,
          amethyst_killhole, ashenzari_altar_1
D:2:      grunt_ministairs_2
D:3:      minmay_unequal, uniq_sigmund
D:4:      serial_curves, eino_curves_02, eino_curves_03

Skill      XL: |  1  2  3  4 |
---------------+-------------+-----
Long Blades    | 3 |  3.7
Throwing       | 2 |  2.0
Armour         | 1 |  1.3
Unarmed Combat | 1 |  1.0
Fighting       | |  2.5
Dodging        | |  2.8
Stealth        | |  0.3

Action                   |  1- 3 |  4- 6 || total
-------------------------+-------+-------++-------
Melee: Long sword        |   110 |    38 ||   148
       Great sword       |       |     7 ||     7
Throw: Throwing net      |       |     3 ||     3
  Use: Potion            |     3 |     2 ||     5
       Scroll            |       |     5 ||     5
 Stab: Sleeping          |     2 |     1 ||     3
  Eat: Chunk             |     1 |     2 ||     3
       Fruit             |     1 |       ||     1
Armor: Leather armour    |    37 |     6 ||    43
Dodge: Dodged            |    96 |    32 ||   128
       Rpst.: Long sword |    26 |     7 ||    33
       Great sword       |       |     4 ||     4

Table legend:
 A = Spawn XP
 B = Non-spawn XP
 C = Spawn XP percentage of total XP
 D = Spawn monster count
 E = Non-spawn monster count
 F = Spawn count percentage of total count
 G = Total turns spent on level
                    A         B        C        D         E        F      G
               +---------+---------+-------+---------+---------+-------+---------
         Total |       0 |     147 |   0.0 |       0 |      54 |   0.0 |  2116
               +---------+---------+-------+---------+---------+-------+---------
           D:1 |       0 |      44 |   0.0 |       0 |      24 |   0.0 |  1089
           D:2 |       0 |      57 |   0.0 |       0 |      18 |   0.0 |   702
           D:3 |       0 |      33 |   0.0 |       0 |      11 |   0.0 |   298
           D:4 |       0 |      13 |   0.0 |       0 |       1 |   0.0 |    27
               +---------+---------+-------+---------+---------+-------+---------
